AoeStats
← Agez

Arabia

505312006Analyzed
3v3 RM · 23d ago on Sep 8, 2026· 33m 28s· 6 players
Game mode
Random Map
Map size
Normal (6 player)
Population
200
Speed
Normal
Resources
Standard
Victory
Conquest
Starting age
Dark Age
Ending age
Imperial Age
RankedLock teamsTeams togetherTeam positionsShared explorationLock speedFull tech treeHidden civsTurbo modeCheats
Victory
Defeat
🇲🇽 Teutons · Mexico
1086
+14
🇭🇺 Lithuanians · Hungary
1058
+15
🇷🇴 Georgians · Romania
1046
+16
🇦🇷 Khmer · Argentina
1111
-18
🇦🇷 Britons · Argentina
1032
-15
🇦🇷 Franks · Argentina
978
-12
Agez
8:17 Loom
10:47 Feudal Age
15:08 Double-Bit Axe
21:50 Castle Age
21:14 Gold Mining
21:16 Stone Mining
22:42 Husbandry
27:11 Forging
27:07 Scale Barding Armor
28:55 Iron Casting
29:01 Bow Saw
29:16 Chain Barding Armor
LMGPERDRO
6:58 Loom
10:13 Feudal Age
13:06 Double-Bit Axe
16:19 Fletching
22:47 Wheelbarrow
24:18 Castle Age
23:29 Gold Mining
26:05 Forging
26:57 Crossbowman
27:33 Bodkin Arrow
28:32 Bow Saw
28:26 Padded Archer Armor
29:52 Hand Cart
30:24 Horse Collar
31:23 Gold Shaft Mining
32:08 Pikeman
34:10 Iron Casting
33:51 Heavy Plow
ElOlorosopitt
7:21 Loom
10:15 Feudal Age
13:24 Double-Bit Axe
18:22 Gold Mining
18:17 Horse Collar
22:37 Castle Age
24:25 Gold Shaft Mining
25:52 Forging
26:02 Scale Barding Armor
27:14 Bow Saw
30:32 Husbandry
33:18 Iron Casting
borraznajera
0:28 Loom
12:05 Feudal Age
13:24 Wheelbarrow
12:35 Town Watch
12:37 Double-Bit Axe
12:46 Gold Mining
14:18 Horse Collar
15:05 Bloodlines
15:15 Stone Mining
15:41 Scale Mail Armor
20:31 Scale Barding Armor
22:06 Forging
28:18 Castle Age
29:54 Hand Cart
29:40 Town Patrol
30:02 Chain Barding Armor
29:57 Chain Mail Armor
30:18 Iron Casting
29:56 Bow Saw
29:49 Heavy Plow
29:37 Arson
29:53 Squires
29:39 Gambesons
Balint4321
10:48 Feudal Age
11:21 Double-Bit Axe
15:15 Bloodlines
15:13 Loom
16:34 Horse Collar
22:37 Castle Age
20:51 Bloodlines
21:13 Scale Barding Armor
21:53 Forging
23:04 Gold Mining
24:07 Husbandry
24:40 Bow Saw
24:33 Heavy Plow
27:11 Chain Barding Armor
32:20 Iron Casting
ArcherSC
17:09 Feudal Age
16:17 Loom
19:00 Double-Bit Axe
19:08 Horse Collar
24:46 Castle Age
23:31 Bloodlines
23:18 Gold Mining
28:20 Wheelbarrow
30:37 Pikeman
Connection lost

Rejoining the realm…

Still unreachable

The connection could not be restored.

Session expired

The server has moved on; the page needs a fresh start.